 Dungeon Crawl Stone Soup version 0.21.1-1-g345015fe64 (webtiles) character file.

1085 Kholdaimon the Chopper (level 8, -2/70 HPs)
             Began as a Minotaur Fighter on June 19, 2018.
             Was an Initiate of Okawaru.
             Slain by an orc warrior
             ... wielding a +0 dire flail
              (7 damage)
             ... on level 5 of the Dungeon.
             The game lasted 00:35:51 (5403 turns).

Kholdaimon the Chopper (Minotaur Fighter)           Turns: 5403, Time: 00:35:52

Health: -2/70      AC: 15    Str: 21    XL:     8   Next: 9%
Magic:  7/7        EV:  4    Int:  7    God:    Okawaru [......]
Gold:   279        SH: 10    Dex: 12    Spells: 7/7 levels left

rFire    x . .     SeeInvis .   a - +1 war axe
rCold    + . .     Gourm    +   c - +0 shield
rNeg     . . .     Faith    .   t - +0 plate armour
rPois    .         Spirit   .   h - +1 hat
rElec    .         Reflect  .   (no cloak)
rCorr    .         Harm     .   (no gloves)
MR       .....                  v - +0 pair of boots
Stlth    ..........             C - amulet of the gourmand
HPRegen  0.21/turn              m - +2 ring of dexterity
MPRegen  0.10/turn              r - ring of ice

@: hasted, very quick
A: retaliatory headbutt, horns 2
a: Renounce Religion


You were on level 5 of the Dungeon.
You worshipped Okawaru.
Okawaru was noncommittal.
You were very full.

You visited 1 branch of the dungeon, and saw 6 of its levels.

You collected 279 gold pieces.

Inventory:

Hand Weapons
 a - a +1 war axe (weapon)
 F - a +0 hunting sling
Missiles
 e - 122 stones (quivered)
 i - 134 sling bullets
 p - 12 poisoned needles
 A - 3 tomahawks
Armour
 c - a +0 shield (worn)
 h - a +1 hat (worn)
 t - a +0 plate armour (worn)
 v - a +0 pair of boots (worn)
Jewellery
 m - a +2 ring of dexterity (left hand)
 r - a ring of ice (right hand)
 C - an amulet of the gourmand (around neck)
Wands
 y - a wand of digging (6)
 D - a wand of flame (25)
Scrolls
 j - 2 scrolls of enchant armour
 n - 2 scrolls of teleportation
 o - a scroll of magic mapping
 q - 2 scrolls of remove curse
 u - a scroll of identify
 x - 2 scrolls of fog
Potions
 b - a potion of ambrosia
 d - a potion of might
 g - 4 potions of curing
 k - 2 potions of agility
 l - a potion of haste
 s - a potion of berserk rage
 B - 3 potions of flight
 E - a potion of magic
 G - a potion of brilliance
 H - 2 potions of mutation
Comestibles
 f - 8 rations


   Skills:
 + Level 6.2 Fighting
 * Level 7.4 Axes
 + Level 6.3 Armour
 + Level 6.2 Shields


You had 7 spell levels left.
You didn't know any spells.

Dungeon Overview and Level Annotations

Branches:
Dungeon (6/15)
 Temple: D:4-7

Altars:
Cheibriados
Dithmenos
Hepliaklqana
Okawaru
Qazlal
Trog
Xom
Yredelemnul

Annotations:
D:5 2 transporters


Innate Abilities, Weirdness & Mutations

You reflexively headbutt those who attack you in melee.
You have a pair of horns on your head.


Message History

You closely miss the orc warrior. Your headbutt misses the orc warrior.
The orc warrior is severely wounded.
Your plate armour prevents you from hitting the orc warrior.
You headbutt the orc warrior.
The orc warrior is almost dead.
You block the orc warrior's attack.
You closely miss the orc warrior.
The orc warrior is almost dead.
The orc warrior closely misses you.
Your shield and plate armour prevent you from hitting the orc warrior.
The orc warrior is almost dead.
You hit the orc warrior but do no damage.
Your headbutt misses the orc warrior.
The orc warrior is almost dead.
You block the orc warrior's attack.
You hit the orc warrior but do no damage.
You headbutt the orc warrior, but do no damage.
The orc warrior is almost dead.
The orc warrior hits you with a dire flail!
You die...

#...................#.....####...
..................###############
..................# §§§§§§#..
..##########..[...# §§§§§§#..
......# #......# §§§§§§#..
......# #......# §§§§§§###
......# #......# §######..
......# #......# 8#_......
......# #....@.# §######..
......# #.....o# §§§§§§#.#
......# #......# §§§§§§#..
####### #......# §§§§§ #.#
#......# §§§§§ #.. ###
#......#### #### #.. #.#
#.....(...# #.. #.# #######'###
### #.#######...# #.


You could see an orc warrior.

Vanquished Creatures
  Sigmund (D:5)
  A water moccasin (D:5)
  A centaur (D:4)
  A howler monkey (D:4)
  2 crimson imps (D:5)
  A bullfrog zombie (D:4)
  A centaur zombie (D:5)
  A jelly (D:6)
  2 orc wizards (D:5)
  A hound (D:5)
  An orc priest (D:4)
  4 worker ants
  A hound skeleton (D:6)
  A howler monkey skeleton (D:4)
  4 gnolls
  10 adders
  3 shadow imps
  An ooze (D:1)
  2 worms (D:2)
  3 dart slugs (D:2)
  5 leopard geckos
  21 orcs
  4 bats
  5 giant cockroaches
  13 goblins
  6 hobgoblins
  4 jackals (D:5)
  11 kobolds
  3 quokkas
  5 frilled lizards
  3 rats
122 creatures vanquished.

Vanquished Creatures (others)
  An orc wizard (D:5)
1 creature vanquished.

Grand Total: 123 creatures vanquished

Notes
Turn   | Place    | Note
-------+----------+-------------------------------------------
     0 | D:1      | Kholdaimon the Minotaur Fighter began the quest for the Orb.
     0 | D:1      | Reached XP level 1. HP: 19/19 MP: 0/0
   130 | D:1      | Reached XP level 2. HP: 21/27 MP: 1/1
   434 | D:1      | Reached skill level 3 in Axes
   466 | D:1      | Reached XP level 3. HP: 33/33 MP: 2/2
   881 | D:2      | Found a basalt altar of Yredelemnul.
  1050 | D:2      | Found a shadowy altar of Dithmenos.
  1138 | D:2      | Reached XP level 4. HP: 40/40 MP: 3/3
  1700 | D:2      | Reached skill level 4 in Axes
  2192 | D:3      | Reached XP level 5. HP: 47/47 MP: 4/4
  2650 | D:3      | Found a shimmering altar of Xom.
  2843 | D:4      | Noticed a centaur
  2851 | D:4      | Killed a centaur
  2967 | D:4      | Reached skill level 5 in Axes
  2967 | D:4      | Reached skill level 5 in Armour
  2967 | D:4      | Reached XP level 6. HP: 55/55 MP: 5/5
  3042 | D:4      | Reached skill level 5 in Shields
  3061 | D:4      | Reached skill level 5 in Fighting
  3684 | D:5      | Entered Level 5 of the Dungeon
  3718 | D:5      | Found a transporter.
  3725 | D:5      | Noticed a shadow
  3729 | D:5      | Found a snail-covered altar of Cheibriados.
  3729 | D:5      | Noticed a water moccasin
  3730 | D:5      | Found a bloodstained altar of Trog.
  3730 | D:5      | Found a hazy altar of Hepliaklqana.
  3747 | D:5      | Killed a water moccasin
  3747 | D:5      | Reached XP level 7. HP: 28/61 MP: 6/6
  4098 | D:5      | Reached skill level 6 in Axes
  4118 | D:5      | Found a transporter.
  4318 | D:5      | Noticed Sigmund
  4352 | D:5      | Killed Sigmund
  4369 | D:5      | Reached skill level 7 in Axes
  4711 | D:5      | Found a stormy altar of Qazlal.
  4961 | D:6      | Found an iron altar of Okawaru.
  4974 | D:6      | Reached XP level 8. HP: 70/70 MP: 7/7
  4980 | D:6      | Became a worshipper of Warmaster Okawaru
  5403 | D:5      | Slain by an orc warrior

Skill      XL: |  1  2  3  4  5  6  7 |
---------------+----------------------+-----
Armour         | 4 5 6 |  6.3
Shields        | 4 5 6 |  6.2
Fighting       | 4 5 6 |  6.2
Axes           | 3 4 5 7 |  7.4

Action                   |  1- 3 |  4- 6 |  7- 9 || total
-------------------------+-------+-------+-------++-------
Melee: War axe           |    79 |   173 |   116 ||   368
       Headbutt          |    12 |    27 |    19 ||    58
  Use: Scroll            |       |    13 |     6 ||    19
       Potion            |       |       |     1 ||     1
  Eat: Chunk             |     1 |    22 |     5 ||    28
Armor: Scale mail        |    20 |    25 |       ||    45
       Plate armour      |       |    52 |    58 ||   110
Dodge: Dodged            |    24 |    38 |    16 ||    78
Block: Shield            |    31 |    92 |    67 ||   190
